 Dungeon Crawl Stone Soup version 0.31.0-4-g52a2dc7128 (webtiles) character file.

Game seed: 14735436751715703151

35772 BillyBaka the Skirmisher (level 13, -14/62 HPs)
             Began as a Spriggan Hunter on Jan 23, 2024.
             Was a High Priest of Hepliaklqana.
             Demolished by a death yak (21 damage)
             ... on level 3 of the Lair of Beasts.
             The game lasted 01:22:26 (14138 turns).

BillyBaka the Skirmisher (Spriggan Hunter)         Turns: 14138, Time: 01:22:28

Health: -14/62     AC: 12    Str:  7    XL:     13   Next: 49%
Magic:  0/29       EV: 27    Int: 17    God:    Hepliaklqana [*****.]
Gold:   744        SH:  0    Dex: 22    Spells: 12/12 levels left

rFire   . . .        a - +0 orcbow (drain)
rCold   + . .        (shield currently unavailable)
rNeg    . . .        p - +0 swamp dragon scales
rPois   +            R - +3 hat of Pondering {ponderous, Will+ MP+10 Int+5}
rElec   .            v - +0 cloak
rCorr   .            (gloves unavailable)
SInv    +            (boots unavailable)
Will    +++..        H - amulet of guardian spirit
Stlth   +++++        f - ring of protection from cold
HPRegen 0.30/turn    n - +5 ring of evasion
MPRegen 0.21/turn

%: guardian spirit
@: very quick
A: reduced essence, very small, no large weapons, unfitting armour, see
invisible, speed 3
a: Renounce Religion, Recall Ancestor, Ancestor Identity, Transference, Idealise


You were on level 3 of the Lair of Beasts.
You worshipped Hepliaklqana.
Hepliaklqana was extremely pleased with you.
You visited 3 branches of the dungeon, and saw 15 of its levels.
You also visited: Sewer, Bailey and Gauntlet.

You collected 991 gold pieces.
You spent 247 gold pieces at shops.

Inventory:

Hand Weapons
 a - a +0 orcbow of draining (weapon)
 b - the +5 rapier of Subterfuge {flame, rC+ Int+3}
   (You found it on level 10 of the Dungeon)

   Int+3:     It affects your intelligence (+3).
   rC+:       It protects you from cold.
Missiles
 g - 3 curare-tipped darts
 D - a throwing net
Armour
 p - +0 swamp dragon scales (worn)
 v - a +0 cloak (worn)
 R - the +3 hat of Pondering (worn) {ponderous, Will+ MP+10 Int+5}
   (You took it off Gastronok on level 1 of the Lair of Beasts)

   Int+5:     It affects your intelligence (+5).
   Will+:     It increases your willpower.
   MP+10:     It affects your magic capacity (+10).
 T - quicksilver dragon scales
Jewellery
 f - a ring of protection from cold (left hand)
 h - a ring of fire
 n - a +5 ring of evasion (right hand)
 H - an amulet of guardian spirit (around neck)
 J - a ring of flight
 M - a ring of resist corrosion
 S - the ring of Deiwor {rN+ Str+5}
   (You found it in a Gauntlet)

   [ring of positive energy]

   Str+5:     It affects your strength (+5).
   rN+:       It protects you from negative energy.
 V - a ring of willpower
Wands
 x - a wand of roots (12)
 z - a wand of flame (8)
 C - a wand of paralysis (18)
 I - a wand of polymorph (4)
 L - a wand of digging (5)
 U - a wand of mindburst (3)
Scrolls
 e - 3 scrolls of immolation
 i - 2 scrolls of butterflies
 j - 2 scrolls of revelation
 k - 3 scrolls of teleportation
 l - 3 scrolls of noise
 r - 2 scrolls of vulnerability
 u - a scroll of poison {unknown}
 w - 4 scrolls of fear
 y - 3 scrolls of fog
 E - a scroll of acquirement
 N - a scroll of enchant armour {unknown}
 W - a scroll of amnesia {unknown}
 X - a scroll of brand weapon
Potions
 c - 2 potions of might {unknown}
 d - 4 potions of cancellation
 m - 8 potions of heal wounds
 o - 3 potions of haste {unknown}
 q - 2 potions of brilliance
 s - 5 potions of mutation
 t - 4 potions of enlightenment
 A - a potion of curing
 B - a potion of berserk rage
 F - 2 potions of magic
 G - a potion of lignification {unknown}
 K - a potion of resistance {unknown}
 O - a potion of attraction {unknown}
 Q - a potion of invisibility {unknown}
Miscellaneous
 P - a lightning rod (4/4) (quivered)


   Skills:
 + Level 8.7 Fighting
 * Level 14.6 Ranged Weapons
 + Level 5.0 Armour
 + Level 11.5 Dodging
 + Level 11.3 Stealth
 + Level 7.4 Invocations
 + Level 5.2 Evocations


You had 12 spell levels left.
You didn't know any spells.
Your spell library contained the following spells:

 Spells                   Type           Power      Damage    Failure   Level
 Apportation              Tloc           0%         N/A       58%         1
 Necrotise                Necr           0%         1d4       58%         1
 Sandblast                Erth           0%         2d4       58%         1
 Sting                    Conj/Alch      0%         1d3       58%         1
 Summon Small Mammal      Summ           0%         N/A       58%         1
 Mercury Vapours          Alch/Air       0%         N/A       73%         2
 Fugue of the Fallen      Necr           0%         N/A       91%         3
 Mephitic Cloud           Conj/Alch/Air  0%         N/A       91%         3
 Ozocubu's Armour         Ice            0%         N/A       91%         3
 Passwall                 Erth           0%         N/A       91%         3
 Stone Arrow              Conj/Erth      0%         3d7       91%         3
 Tukima's Dance           Hex            0%         N/A       91%         3
 Brom's Barrelling Bould  Conj/Erth      0%         2d3       100%        4
 Fulminant Prism          Conj/Alch      0%         3d5       100%        4
 Manifold Assault         Tloc           0%         N/A       100%        4
 Olgreb's Toxic Radiance  Alch           0%         N/A       100%        4
 Passage of Golubria      Tloc           0%         N/A       100%        4
 Freezing Cloud           Conj/Ice/Air   0%         6-21      100%        5
 Yara's Violent Unravell  Hex/Alch       0%         3d3       100%        5


Dungeon Overview and Level Annotations

Branches:
Dungeon (11/15)            Temple (1/1) D:7            Lair (3/5) D:11
 Spider (0/4) Lair:2          Orc (0/2) D:11          Sewer (visited)
 Bailey (visited)         Gauntlet (visited)
  Swamp: Lair:2-3    Shoals: Lair:2-3

Altars:
Ashenzari
Cheibriados
Dithmenos
Elyvilon
Fedhas
Gozag
Hepliaklqana
Kikubaaqudgha
Makhleb
Nemelex Xobeh
Okawaru
Qazlal
Ru
Sif Muna
Trog
Uskayaw
Vehumet
Wu Jian
Xom
Yredelemnul
Zin
The Shining One

Shops:
D:9 !

Annotations:
D:8 2 transporters, drcatpants2's ghost, novice TrSh
D:9 3 runed translucent doors, Monkooky's ghost, novice VSAl
Temple 2 transporters


Innate Abilities, Weirdness & Mutations

Your life essence is reduced to manifest your ancestor. (-10% HP)
You are very small and have problems with some larger weapons.
You are too small for most types of armour.
You have supernaturally acute eyesight. (SInv)
You cover ground extremely quickly. (Speed+++)


Message History

The death yak is lightly wounded.
The death yak completely misses you. x2
You shoot an arrow.
The arrow hits the death yak but does no damage.
You drain the death yak.
The death yak is moderately wounded.
A wolf comes into view. x2
The death yak gores Ayaya!
The death yak completely misses you. The death yak closely misses you.
Ayaya hits the death yak with a +0 flail.
The death yak gores Ayaya.
You shoot an arrow.
The arrow hits the death yak but does no damage.
Ayaya hits the death yak with a +0 flail!
The death yak gores Ayaya!
You shoot an arrow. The arrow hits the death yak!
The death yak is lightly wounded.
The death yak gores you but does no damage.
The death yak gores you.
Ayaya completely misses the death yak.
The death yak misses you.
You shoot an arrow. The arrow hits the death yak!!
The death yak is heavily wounded.
The death yak barely misses you. The death yak gores you!!
You shoot an arrow. The arrow hits the death yak!
You drain the death yak.
The death yak is heavily wounded.
The death yak misses you. The death yak gores you!
The death yak barely misses you.
Ayaya barely misses the death yak.
Hepliaklqana grants Ayaya healing and protection!
Ayaya is healed somewhat.
The death yak misses you. x2; The death yak gores you!!
* * * LOW HITPOINT WARNING * * *
Something gores Ayaya!
Ayaya hits the wolf with a +0 flail!!
The wolf dies!
The death yak gores you!
* * * LOW HITPOINT WARNING * * *
Something closely misses Ayaya.
You start removing your armour.
You continue taking off the +3 hat of Pondering {ponderous, Will+ MP+10 Int+5}.
The death yak gores you!!
You die...

##....#........
#....##........
##.............
#.............
#...........#.
##...###P...#..
#...........##.
#.............
##..YY@....###
#...YY.....#
##.hh#######
#.R<. #..Y.#
#.....#
#.....##
###...# #....


You could see the friendly Ayaya the knight (idealised), 4 death yaks and 2
wolves.

Vanquished Creatures
  Gastronok (Lair:1)
  A minotaur (Gauntlet)
  A hydra (Lair:2)
  A catoblepas (Lair:2)
  2 two-headed ogres
  A soul eater (Gauntlet)
  A spectral wolf spider (Gauntlet)
  A manticore (D:11)
  A guardian serpent (D:11)
  A black mamba (Lair:1)
  2 cane toads (Lair:1)
  Maggie (D:8)
  A torpor snail (Lair:2)
  A kobold demonologist (Bailey)
  A troll (D:9)
  A hornet (D:9)
  A polar bear (Lair:2)
  9 blink frogs
  A wraith (D:10)
  11 yaks
  A basilisk (Lair:2)
  A steam dragon (D:8)
  A vampire mosquito (D:10)
  3 water moccasins
  A hell hound (Lair:1)
  2 black bears
  A spectral hornet (Gauntlet)
  An ice beast (D:8)
  13 orc warriors
  A laughing skull (Gauntlet)
  3 sky beasts
  7 centaurs
  2 ogres (D:6)
  6 wolves (Lair:2)
  2 kobold brigands (Sewer)
  A gnoll sergeant (D:9)
  8 bullfrogs
  4 scorpions
  19 wights
  7 killer bees
  5 howler monkeys
  15 electric eels
  A bombardier beetle (D:4)
  2 gnoll boudas
  4 orc priests
  2 hounds
  3 iguanas
  2 sleepcaps
  Natasha (D:2)
  6 orc wizards
  13 gnolls
  9 adders
  3 river rats (Sewer)
  2 shadow imps (Gauntlet)
  2 white imps
  4 dart slugs
  3 ribbon worms
  23 orcs
  6 endoplasms
  7 giant cockroaches
  18 goblins
  8 hobgoblins
  5 quokkas
  9 ball pythons
  4 bats
  5 frilled lizards
  23 kobolds
  18 rats
327 creatures vanquished.

Vanquished Creatures (collateral kills)
  2 two-headed ogres
  A death drake (Gauntlet)
  2 cyclopes (D:11)
  2 ugly things (D:11)
  2 black mambas (Lair:2)
  2 kobold demonologists
  6 blink frogs
  Sigmund (D:6)
  A shadow (D:10)
  A wyvern (D:9)
  A wraith (D:10)
  Eustachio (D:5)
  5 yaks
  A vampire mosquito (D:10)
  A hell hound (Lair:1)
  An orc warrior (Bailey)
  An ogre (D:5)
  A wolf (Lair:3)
  A laughing skull (Gauntlet)
  3 centaurs
  2 kobold brigands
  A bullfrog (D:6)
  A scorpion (Lair:2)
  A gnoll sergeant (D:8)
  A wight (D:6)
  4 killer bees
  3 jellies
  An iguana (D:5)
  Natasha (D:2)
  8 orc wizards
  6 adders
  12 gnolls
  4 river rats (Sewer)
  A ribbon worm (D:4)
  9 orcs
  An endoplasm (D:4)
  A hobgoblin (Bailey)
  3 kobolds (Sewer)
  A quokka (D:4)
  A frilled lizard (D:3)
  3 goblins
  3 rats (Sewer)
104 creatures vanquished.

Vanquished Creatures (others)
  9 knights
  An ancestor (Sewer)
10 creatures vanquished.

Grand Total: 441 creatures vanquished

Notes
Turn   | Place    | Note
-------+----------+-------------------------------------------
     0 | D:1      | BillyBaka the Spriggan Hunter began the quest for the Orb.
     0 | D:1      | Reached XP level 1. HP: 10/10 MP: 2/2
    55 | D:1      | You fall into a shaft and drop 1 floor!
   249 | D:1      | Reached XP level 2. HP: 15/15 MP: 3/3
   708 | D:1      | Reached XP level 3. HP: 18/18 MP: 4/4
  1127 | D:2      | Noticed Natasha
  1575 | D:2      | Killed Natasha
  1588 | D:2      | Reached XP level 4. HP: 23/23 MP: 5/5
  1598 | D:2      | Found a faded altar of an unknown god.
  1616 | D:2      | Prayed at the altar of an unknown god.
  1616 | D:2      | Became a worshipper of Hepliaklqana the Forgotten
  1616 | D:2      | Reached * piety under Hepliaklqana
  1747 | D:2      | Identified the +9 hand axe of Flawed Execution {drain, rF+
                  | Stlth+}
  1787 | D:2      | Noticed Natasha
  1803 | D:2      | Killed Natasha
  2159 | D:3      | Reached skill level 5 in Ranged Weapons
  2196 | D:3      | Found a glowing drain.
  2201 | Sewer    | Entered a sewer
  2225 | Sewer    | Reached XP level 5. HP: 24/24 MP: 6/6
  2351 | Sewer    | Reached ** piety under Hepliaklqana
  2352 | Sewer    | Remembered your ancestor Ayaya as a knight
  2459 | Sewer    | Reached XP level 6. HP: 27/28 MP: 7/7
  2986 | D:3      | Reached skill level 6 in Ranged Weapons
  3026 | D:3      | Found a glowing golden altar of the Shining One.
  3086 | D:3      | Reached skill level 5 in Stealth
  3369 | D:4      | Reached skill level 5 in Dodging
  3410 | D:4      | Reached XP level 7. HP: 32/32 MP: 8/8
  4016 | D:5      | Entered Level 5 of the Dungeon
  4121 | D:5      | Reached skill level 7 in Ranged Weapons
  4213 | D:5      | Reached *** piety under Hepliaklqana
  4218 | D:5      | Found a shadowy altar of Dithmenos.
  4286 | D:5      | Reached XP level 8. HP: 37/37 MP: 9/9
  4411 | D:5      | Identified the +1 robe of the Ikuchi {*Corrode Str+5}
  4422 | D:5      | Noticed Eustachio
  4446 | D:5      | Killed Eustachio
  4519 | D:5      | Reached skill level 1 in Invocations
  4637 | D:5      | Found a transporter.
  4640 | D:5      | Found a transporter.
  4640 | D:5      | Noticed a two-headed ogre
  4646 | D:5      | Noticed a two-headed ogre
  4648 | D:5      | Found a sparkling altar of Nemelex Xobeh.
  4649 | D:5      | Found an ancient bone altar of Kikubaaqudgha.
  4870 | D:6      | Reached skill level 8 in Ranged Weapons
  4940 | D:6      | Reached XP level 9. HP: 39/41 MP: 11/11
  5014 | D:6      | Noticed Sigmund
  5034 | D:6      | Killed Sigmund
  5570 | D:7      | Reached skill level 9 in Ranged Weapons
  5656 | D:7      | Found a staircase to the Ecumenical Temple.
  5662 | Temple   | Found a transporter.
  5662 | Temple   | Found a transporter.
  5662 | Temple   | Found a transporter.
  5662 | Temple   | Found a transporter.
  5662 | Temple   | Entered the Ecumenical Temple
  5733 | D:7      | Reached skill level 5 in Fighting
  5733 | D:7      | Reached skill level 1 in Armour
  5746 | D:7      | Reached **** piety under Hepliaklqana
  6527 | D:8      | Reached XP level 10. HP: 38/45 MP: 12/14
  6540 | D:8      | Noticed Maggie
  6561 | D:8      | Killed Maggie
  6563 | D:8      | Noticed drcatpants2's ghost (novice TrSh)
  6576 | D:8      | Noticed a manticore
  6581 | D:8      | Noticed a tengu warrior
  6714 | D:8      | Found a transporter.
  6720 | D:8      | Found a transporter.
  6875 | D:8      | Reached skill level 10 in Ranged Weapons
  7329 | D:9      | Found a flagged portal.
  7338 | Bailey   | Entered a bailey
  7406 | Bailey   | Reached skill level 5 in Invocations
  7832 | Bailey   | Found an iron altar of Okawaru.
  7835 | Bailey   | Noticed a rust devil
  7842 | Bailey   | Reached skill level 11 in Ranged Weapons
  7849 | Bailey   | Reached XP level 11. HP: 50/50 MP: 16/16
  7880 | Bailey   | Reached skill level 13 in Ranged Weapons
  7880 | Bailey   | Reached XP level 12. HP: 57/57 MP: 17/17
  8034 | D:9      | Found a basalt altar of Yredelemnul.
  8135 | D:9      | Noticed a green very ugly thing
  8137 | D:9      | Noticed Monkooky's ghost (novice VSAl)
  8142 | D:9      | a wyvern changed into an entropy weaver
  8142 | D:9      | Noticed an entropy weaver (shapeshifter)
  8148 | D:9      | Found a runed translucent gate.
  8148 | D:9      | Found a runed translucent gate.
  8148 | D:9      | Found a runed translucent gate.
  8151 | D:9      | Noticed a two-headed ogre
  8156 | D:9      | Killed a two-headed ogre
  8307 | D:9      | Found Lovadwe's Distillery.
  8318 | D:9      | Bought a potion of curing for 39 gold pieces
  8318 | D:9      | Bought a potion of curing for 39 gold pieces
  8318 | D:9      | Bought a potion of heal wounds for 65 gold pieces
  8318 | D:9      | Bought a potion of cancellation for 104 gold pieces
  8325 | D:9      | Found a white marble altar of Elyvilon.
  8584 | D:5      | Killed a two-headed ogre
  8590 | D:5      | Reached skill level 10 in Dodging
  8601 | D:5      | Killed a two-headed ogre
  8805 | D:10     | Entered Level 10 of the Dungeon
  8885 | D:10     | Identified the +5 rapier of Subterfuge {flame, rC+ Int+3}
  9092 | D:10     | Found an iron altar of Okawaru.
  9506 | D:10     | Reached skill level 1 in Evocations
  9575 | D:10     | Reached ***** piety under Hepliaklqana
  9916 | D:11     | Noticed a death yak
  9918 | D:11     | Noticed a death yak
  9920 | D:11     | Noticed a death yak
  9921 | D:11     | Noticed a two-headed ogre
  9928 | D:11     | Noticed a death yak
  9930 | D:11     | Noticed a death yak
  9932 | D:11     | Noticed a death yak
 10395 | D:11     | Reached skill level 10 in Stealth
 10419 | D:11     | Killed a two-headed ogre
 10801 | D:11     | Found a staircase to the Orcish Mines.
 10896 | D:11     | Found a staircase to the Lair.
 11236 | Lair:1   | Entered Level 1 of the Lair of Beasts
 11293 | Lair:1   | Reached skill level 14 in Ranged Weapons
 11393 | Lair:1   | Found a gate leading to a gauntlet.
 11403 | Gauntlet | Entered a Gauntlet
 11403 | Gauntlet | Found a transporter.
 11403 | Gauntlet | Found a transporter.
 11403 | Gauntlet | Found a runed translucent gate.
 11405 | Gauntlet | Found a runed translucent gate.
 11407 | Gauntlet | Found a runed translucent gate.
 11419 | Gauntlet | Found a transporter.
 11426 | Gauntlet | Noticed a tengu warrior
 11433 | Gauntlet | Found a transporter.
 11433 | Gauntlet | Found a transporter.
 11435 | Gauntlet | Found a transporter.
 11438 | Gauntlet | Found a transporter.
 11438 | Gauntlet | Found a transporter.
 11440 | Gauntlet | Noticed a death yak
 11440 | Gauntlet | Noticed a death yak
 11441 | Gauntlet | Noticed a death yak
 11443 | Gauntlet | Noticed a death yak
 11451 | Gauntlet | Found a transporter.
 11467 | Gauntlet | Found a transporter.
 11469 | Gauntlet | Found the +10 Black Knight's barding {ponderous, rPois rN+}
 11491 | Gauntlet | Found a runed translucent door.
 11493 | Gauntlet | Found a transporter.
 11495 | Gauntlet | Found a runed translucent door.
 11498 | Gauntlet | Found a transporter.
 11544 | Gauntlet | Found a transporter.
 11558 | Gauntlet | Found a transporter.
 11797 | Gauntlet | Reached XP level 13. HP: 20/62 MP: 13/19
 11971 | Gauntlet | Noticed a minotaur
 12092 | Gauntlet | Killed a minotaur
 12178 | Gauntlet | Identified the +5 trident of Ichabri {vamp, +Blink Int+4}
 12180 | Gauntlet | Identified the ring of Deiwor {rN+ Str+5}
 12185 | Gauntlet | Got Sif Muna's Omnibus of the Tincture
 12228 | Lair:1   | Noticed Gastronok
 12684 | Lair:1   | Killed Gastronok
 13149 | Lair:2   | Identified the maw talisman of the Shining Light {rF+
                  | Int+2}
 13392 | Lair:2   | Reached skill level 5 in Evocations
 13402 | Lair:2   | Reached skill level 5 in Armour
 13543 | Lair:2   | Found a hole to the Spider Nest.
 14108 | Lair:3   | Reached ****** piety under Hepliaklqana
 14138 | Lair:3   | Demolished by a death yak

Illustrated notes

Levels and vault maps discovered:
D:1:      minmay_arrival_checkered_box, layout_basic
D:2:      layout_basic, dreamdust_ecumenical_altar_sealed_demon,
          chequers_serial_rivers_small_3, grunt_decor_resistance,
          hangedman_decor_riveting, uniq_natasha
D:3:      layout_basic, nicolae_tso_carved_into_rock,
          mainiacjoe_sewer_entry_somewhere_in_here_2, st_stairs_4,
          minmay_misc_feat_square
D:4:      layout_loops_ring
D:5:      layout_basic, nicolae_dithmenos_through_a_glass_darkly,
          gammafunk_temple_overflow_arena, uniq_eustachio
D:6:      layout_rooms, uniq_sigmund
D:7:      layout_basic, minmay_temple_entry_butterflies,
          kennysheep_windowed_goal
D:8:      layout_rooms, gammafunk_ghost_arena, uniq_maggie
D:9:      layout_rooms, mainiacjoe_overflow_alcove_2,
          lemuel_coloured_pillars_altar, enter_bailey_3, gammafunk_ghost_split,
          serial_shops, shop_fountains, chequers_serial_rivers_micro_b
D:10:     layout_grid_maze, mainiacjoe_overflow_surrounded_room
D:11:     layout_basic, dpeg_lair_monsters, nrook_guardian_serpent_double
Temple:   hellmonk_temple_divided_pantheon
Lair:1:   layout_regular_city, enter_volcano_3, gauntlet_entry_generic,
          chequers_serial_rivers_micro_d, uniq_gastronok
Lair:2:   layout_roguey, nicolae_spider_entry_non_spiders
Lair:3:   layout_gridlike, nicolae_swamp_entry_spooky,
          hellmonk_guarded_unrand_vines

Skill      XL: |  1  2  3  4  5  6  7  8  9 10 11 12 13 |
---------------+----------------------------------------+-----
Stealth        | 2 3 4 5 6 8 10 11 | 11.3
Dodging        | 3 4 5 6 7 8 9 11 | 11.5
Fighting       | 2 3 4 5 6 7 8 |  8.7
Ranged Weapons | 5 6 7 8 9 11 13 14 | 14.6
Invocations    | 2 4 5 6 7 |  7.4
Armour         | 1 3 4 5 |  5.0
Evocations     | 3 5 |  5.2

Action                     |  1- 3 |  4- 6 |  7- 9 | 10-12 | 13-15 || total
---------------------------+-------+-------+-------+-------+-------++-------
  Melee: Orcbow            |       |       |       |       |     2 ||     2
   Fire: Shortbow          |    95 |   217 |   243 |       |       ||   555
         Orcbow            |       |       |    98 |   575 |   218 ||   891
 Invoke: Recall Ancestor   |       |     4 |     9 |    12 |     4 ||    29
         Ancestor Identity |       |     1 |       |       |       ||     1
         Ancestor Life: Kn |       |     1 |       |       |       ||     1
         Idealise          |       |       |       |       |     1 ||     1
  Evoke: Lightning rod     |       |       |       |       |     3 ||     3
    Use: Potion            |       |     2 |       |     2 |     3 ||     7
         Scroll            |       |       |    12 |     6 |       ||    18
 Armour: Robe              |    10 |     2 |       |       |       ||    12
         Swamp dragon scal |       |    12 |    63 |    86 |    42 ||   203
         Quicksilver drago |       |       |       |       |     3 ||     3
  Dodge: Dodged            |    16 |    76 |   154 |   264 |   143 ||   653
